FIQ, neutral male scurrid Tourist }}}}}}}}}}}}}}}}}}}}}}}}}}}}}}}}}}}}}}}}}}}}}}}}}}}}}}}}}}}}}}}}}}}}}}} -}}}}}}}}}}}}}}}}}}}}}}}}}}}}}}}}}}}}}}}}}}}}}}}}}}}}}}}}}}}}}}}} -}}}}}}}}}}}}......}}}}}}}}}}}}}}}}}}......}}}}}}}}}}}}..}}}}}}} -}}}}}}}}..........}}}}}}}}}}}}}}..........}}}}}}}}}....}}}}}} |}}}}}}..........M..d}}}}}}}}..............}}}}}}}}..`i}}}}}} |}}}}}..............Y.............u.>.......}}}}}}}}}}r}}}}}} |}}}}................[......q.........i....}}}}}}}}}}}}}}}}} |}}}.......<.e...W..........................}}}}}}}}}}}}}}}} |}}}..j.....................u...............}}}}}}}}}}}}}}}} |}}}.................e..........?......W....}}}}}}}}}}}}}}}} |}}}............?..................)........}}}}}}}}}}}}}.}} +}}}................E.........%...!)........}}}}}}}}}}}}}..} |}}}!.........s............d.............=..}}}}}}}}}}}}}}}} |}}}}.........................e............}}}}}}}}}}}}}}}}} |}}}}.......l(............................%}}}}}}}}}}}}}}}}} |}}}}}..............}}}}}}}}......h.......}}}}}..}}}}}}}}}}} |}}}}}}...i.j....}}}}}}}}}}}}}}..........}}}}}}....}}}}}}}}} |}}}}}}}}u.....}}}}}}}}}}}}}}}}}}..%..[}}}}}}}}}......}}}}}} }}}}}}} }}}}} FIQ the Rambler Experience level: 1 Strength: 9 Dexterity: 12 Constitution: 14 Intelligence: 15 Wisdom: 10 Charisma: 16 Health: 9(9) Energy: 2(2) Def: 0 Gold: 848 Moves: 40 Dungeon seed: l8k6WBdd1FroZbRX Game ID: FIQ_1498602105 Your Inventory: Coins $ - 848 gold pieces Weapons a - 47 uncursed thoroughly rusty +2 darts (in quiver) Armor e - an uncursed +0 Hawaiian shirt (being worn) Comestibles b - an uncursed orange c - 4 uncursed food rations d - 4 uncursed eggs f - an uncursed cream pie g - 2 uncursed cram rations Scrolls j - a blessed scroll of blank paper k - 3 uncursed scrolls of magic mapping Potions h - an uncursed potion of water i - an uncursed potion of water Wands n - an uncursed rusty wand of secret door detection (0:15) Tools l - an uncursed expensive camera (0:93) m - an uncursed credit card o - an uncursed thoroughly rusty tin opener Spells and supernatural/magical abilities: Name Level Category Fail Memory W - pray for help -- divine ? -- Your skills at the end: Miscellaneous Skills wands [Basic] Weapon Skills dart [Basic] Spellcasting Skills Final Attributes: You were devoutly aligned. You had infravision. You were very stealthy. You survived. Vanquished creatures: a giant beetle Voluntary challenges: You went without food. You did not adorn yourself with jewelry or accessories. You did not cause conflict. You were not invisible. You did not have reflection. You were not displaced. You were an atheist. You never hit with a wielded weapon. You were a pacifist. You did not use tools. You did not use plumbed fixtures. You did not drink any magical draughts. You were illiterate. You never genocided any monsters. You never polymorphed an object. You never changed form. You used no wishes. You never split a pudding. You never wrote Elbereth's name. You never violated your personal moral code. Dungeon overview: The Dungeons of Doom: levels 1 to 15 Level 1 a long staircase Level 2 Level 3 a general store Level 4 Level 5 Level 6 Level 7 Level 8 Level 9 Level 10 Level 11 Level 12 Level 13 Level 14 Level 15 <- You were here History has recorded: On T:1 you entered the Dungeons of Doom to retrieve the Amulet of Yendor! On T:4 you reached level 2 of The Dungeons of Doom. On T:7 you reached level 3 of The Dungeons of Doom. On T:9 you reached level 4 of The Dungeons of Doom. On T:11 you reached level 5 of The Dungeons of Doom. On T:13 you reached level 6 of The Dungeons of Doom. On T:16 you reached level 7 of The Dungeons of Doom. On T:18 you reached level 8 of The Dungeons of Doom. On T:20 you reached level 9 of The Dungeons of Doom. On T:22 you reached level 10 of The Dungeons of Doom. On T:26 you reached level 11 of The Dungeons of Doom. On T:28 you reached level 12 of The Dungeons of Doom. On T:31 you reached level 13 of The Dungeons of Doom. On T:33 you reached level 14 of The Dungeons of Doom. Score breakdown: Gold: 0 ( 0 points) Experience: 1 level ( 0 points) Exploration: 15 levels ( 420 points) Discoveries: 2 items ( 100 points) Variety of kills: 1 monster ( 50 points) Major goal: (nothing yet) ( 0 points) Survival: quit (score multiplied by 3) Total score: 1710 Latest messages: You start digging downward. You continue digging downward. You dig a pit in the floor. You continue digging downward. As you dig, the hole fills with water! You fall into the water! You sink like a rock. Your darts rust! Your tin opener rusts! You try to crawl out of the water. Pheew! That was close. That command is only available in debug mode. You fall into the water! You sink like a rock. Your darts rust further! Your tin opener rusts further! You try to crawl out of the water. Pheew! That was close. That command is only available in debug mode. You fall into the water! You sink like a rock. Your darts rust completely! Your wand of secret door detection rusts! Your tin opener rusts completely! You try to crawl out of the water. Pheew! That was close. That command is only available in debug mode. Final status: Aloha FIQ the Tourist, quit... You quit in The Dungeons of Doom on dungeon level 15 with 1710 points, and 848 pieces of gold, after 40 moves. You were level 1 with a maximum of 9 hit points when you quit.